 Dungeon Crawl Stone Soup version 0.26-a0-365-g11c2b627af (webtiles) character file.

Game seed: 11999322954718065087

9772 Glokmah the Quickloader (level 11, 0/69 HPs)
             Began as a Kobold Arcane Marksman on July 19, 2020.
             Was an Elder of Okawaru.
             Slain by a manticore (1 damage)
             ... on level 11 of the Dungeon.
             The game lasted 00:42:37 (15214 turns).

Glokmah the Quickloader (Kobold Arcane Marksman)   Turns: 15214, Time: 00:42:37

Health: 0/69       AC:  9    Str:  8    XL:     11   Next: 80%
Magic:  16/16      EV: 21    Int: 16    God:    Okawaru [****..]
Gold:   365        SH:  0    Dex: 23    Spells: 5/17 levels left

rFire    . . .     SeeInvis .   b - +5 dagger
rCold    . . .     Faith    .   (shield restricted)
rNeg     . . .     Spirit   .   n - +1 robe {Archmagi}
rPois    +         Reflect  .   (no helmet)
rElec    .         Harm     .   J - +2 cloak {rPois}
rCorr    .                      (no gloves)
MR       .....                  E - +2 pair of boots {Stlth+}
Stlth    +++++.....             (no amulet)
HPRegen  0.21/turn              i - +6 ring of dexterity
MPRegen  0.15/turn              (no ring)

@: no status effects
A: small
a: Heroism, Renounce Religion


You were on level 11 of the Dungeon.
You worshipped Okawaru.
Okawaru was greatly pleased with you.
You visited 2 branches of the dungeon, and saw 12 of its levels.
You also visited: Ossuary.

You collected 877 gold pieces.
You spent 512 gold pieces at shops.

Inventory:

Hand Weapons
 a - a +4 hand crossbow
 b - a +5 dagger (weapon)
 c - the +5 mace of the Baking Coward {speed, Dex+2}
   (You found it on level 6 of the Dungeon)

   Attacks with this weapon are significantly faster.
   It affects your dexterity (+2).
 F - a +2 vampiric dagger
Missiles
 d - 93 bolts
 f - 429 stones (quivered)
 A - 18 poisoned darts
 G - 16 boomerangs
 I - 4 atropa-tipped darts
Armour
 n - a +1 robe of the Archmagi (worn)
 t - the +2 cloak of True Grit {Str+4 Int+2}
   (You found it on level 6 of the Dungeon)

   It affects your strength (+4).
   It affects your intelligence (+2).
 E - a +2 pair of boots of stealth (worn)
 J - a +2 cloak of poison resistance (worn)
Magical Staves
 s - an uncursed staff of wizardry
Jewellery
 i - a +6 ring of dexterity (left hand)
Wands
 l - a wand of iceblast (12)
 u - a wand of acid (12)
 y - a wand of polymorph (7)
 z - a wand of disintegration (36)
 D - a wand of flame (21)
Scrolls
 e - 2 scrolls of immolation
 g - 3 scrolls of teleportation
 j - 2 scrolls of blinking
 p - 2 scrolls of remove curse
 v - a scroll of fog
 B - a scroll of vulnerability
 C - a scroll of noise {unknown}
Potions
 h - 13 potions of curing
 k - 2 potions of flight
 m - 2 potions of brilliance
 o - a potion of cancellation {unknown}
 q - 2 potions of heal wounds
 r - 2 potions of might
 x - 2 potions of haste
 H - a potion of magic {unknown}


   Skills:
 + Level 8.4 Fighting
 - Level 10.0 Crossbows
 + Level 1.8 Armour
 - Level 7.2 Dodging
 + Level 7.2 Stealth
 + Level 3.8 Spellcasting
 - Level 3.0 Conjurations
 * Level 7.4 Hexes
 - Level 3.0 Translocations
 - Level 3.0 Fire Magic
 - Level 3.0 Air Magic
 - Level 3.0 Poison Magic
 * Level 3.6 Invocations


You had 5 spell levels left.
You knew the following spells:

 Your Spells              Type           Power        Failure   Level
a - Corona                Hex            #####..      1%          1
b - Inner Flame           Hex/Fire       ####....     6%          3
c - Blink                 Tloc           N/A          8%          2
d - Portal Projectile     Hex/Tloc       ####..       6%          3
e - Mephitic Cloud        Conj/Pois/Air  ###.....     16%         3

Your spell library contained the following spells:

 Spells                   Type           Power        Failure   Level
 Slow                     Hex            #####...     1%          2
 Magic Dart               Conj           ###.         4%          1
 Cause Fear               Hex            #####.....   8%          4
 Conjure Flame            Conj/Fire      ###.....     16%         3
 Call Imp                 Summ           #.......     26%         2
 Leda's Liquefaction      Hex/Erth       ###.......   36%         4
 Silence                  Hex/Air        ####......   50%         5
 Yara's Violent Unravell  Hex/Tmut       ###.......   71%         5
 Discord                  Hex            #####.....   100%        8


Dungeon Overview and Level Annotations

Branches:
Dungeon (11/15)            Temple (1/1) D:5         Ossuary (visited)
   Lair: D:8-11         Orc: D:9-12

Altars:
Ashenzari
Cheibriados
Dithmenos
Elyvilon
Fedhas
Gozag
Hepliaklqana
Kikubaaqudgha
Makhleb
Nemelex Xobeh
Okawaru
Qazlal
Ru
Sif Muna
Trog
Uskayaw
Vehumet
Wu Jian
Xom
Yredelemnul
Zin
The Shining One

Shops:
D:8 :   D:10 *

Annotations:
D:6 1 runed translucent door, Crazy Yiuf


Message History

The manticore is severely wounded.
The manticore barely misses you. x2; The manticore misses you.
You hit the manticore.
The manticore is almost dead.
The manticore misses you. The manticore claws you. The manticore claws you!
You hit the manticore.
The manticore is almost dead.
The manticore misses you. The manticore claws you. The manticore misses you.
You hit the manticore but do no damage.
The manticore is almost dead.
The manticore bites you. The manticore claws you. x2
You hit the manticore but do no damage.
The manticore is almost dead.
The manticore misses you. The manticore claws you. The manticore claws you!
You hit the manticore.
The manticore is almost dead.
The manticore bites you!!
* * * LOW HITPOINT WARNING * * *
The manticore misses you. The manticore claws you.
You die...

#.#####
###.....##
#........#
#.#####..#
#<# #..#
#.# #$.#
#.# #..#
#.# #..#
..# #@.#
### #H.#
.....
##.##.#
#.# #.#
#.. #.#
#.# #.#
.## #.
Y..P.##.#


You could see a manticore.

Vanquished Creatures
  Pikel (D:6)
  Maurice (D:10)
  Maggie (D:7)
  2 trolls
  A polar bear (D:10)
  A hippogriff (D:8)
  A wraith (D:10)
  A shadow (D:8)
  Eustachio (D:6)
  2 yaks (D:10)
  Grum (D:8)
  2 vampire mosquitoes
  3 orc warriors
  3 black bears
  An eye of draining (D:10)
  6 phantoms
  3 sky beasts
  2 ice beasts
  2 ogres
  6 wolves
  5 centaurs
  3 big kobolds
  A crocodile (D:8)
  3 lemures
  2 wyvern zombies (D:8)
  8 bullfrogs
  A wyvern skeleton (D:9)
  6 scorpions
  7 killer bees
  18 wights
  8 howler monkeys
  A quasit (D:6)
  5 hounds
  2 orc priests
  A centaur zombie (D:6)
  2 centaur skeletons
  4 iguanas
  5 worker ants
  7 orc wizards
  A big kobold zombie (Ossuary)
  A centaur simulacrum (D:10)
  2 mummies (Ossuary)
  3 worker ant zombies
  A howler monkey skeleton (D:9)
  8 adders
  6 shadow imps
  6 white imps
  A worker ant simulacrum (D:10)
  6 ufetubi
  2 worms
  2 adder skeletons (D:7)
  2 adder zombies
  2 dart slugs (D:2)
  An adder simulacrum (D:10)
  2 leopard geckos
  41 orcs
  3 giant cockroaches
  2 goblins
  6 hobgoblins
  8 jackals
  19 kobolds
  4 quokkas
  6 bats
  3 frilled lizards
  3 gnoll zombies (Ossuary)
  3 goblin zombies (Ossuary)
  3 hobgoblin zombies (Ossuary)
  4 orc zombies (Ossuary)
  2 quokka skeletons
  24 rats
307 creatures vanquished.

Vanquished Creatures (others)
  A bush (D:11)
  A fungus (D:11)
  2 plants (D:11)
4 creatures vanquished.

Grand Total: 311 creatures vanquished

Notes
Turn   | Place    | Note
-------+----------+-------------------------------------------
     0 | D:1      | Glokmah the Kobold Arcane Marksman began the quest for the
                  | Orb.
     0 | D:1      | Reached XP level 1. HP: 12/12 MP: 2/2
   126 | D:1      | Reached XP level 2. HP: 16/16 MP: 1/3
   480 | D:1      | Reached XP level 3. HP: 17/20 MP: 5/5
   874 | D:2      | Reached skill level 3 in Crossbows
  1133 | D:2      | Learned a level 3 spell: Inner Flame
  1409 | D:2      | Reached XP level 4. HP: 9/25 MP: 6/6
  2153 | D:3      | Found a faded altar of an unknown god.
  2593 | D:3      | Learned a level 2 spell: Blink
  2808 | D:3      | Reached skill level 1 in Fire Magic
  2808 | D:3      | Reached XP level 5. HP: 28/30 MP: 5/7
  3529 | D:4      | Reached skill level 4 in Crossbows
  3529 | D:4      | Reached XP level 6. HP: 35/35 MP: 9/9
  3544 | D:4      | Noticed a phantom
  3570 | D:4      | Killed a phantom
  3570 | D:4      | Reached skill level 1 in Translocations
  3937 | D:5      | Entered Level 5 of the Dungeon
  3937 | D:5      | Found a sand-covered staircase.
  3943 | Ossuary  | Entered an ossuary
  3986 | Ossuary  | Reached XP level 7. HP: 37/40 MP: 4/10
  4807 | D:5      | Found a staircase to the Ecumenical Temple.
  4820 | Temple   | Entered the Ecumenical Temple
  5010 | Temple   | Became a worshipper of Warmaster Okawaru
  5124 | D:5      | Found a stormy altar of Qazlal.
  5124 | D:5      | Found a blossoming altar of Fedhas.
  5320 | D:5      | Reached skill level 5 in Crossbows
  5320 | D:5      | Reached skill level 5 in Hexes
  5503 | D:6      | Reached XP level 8. HP: 36/46 MP: 9/12
  5633 | D:6      | Noticed Pikel
  6019 | D:6      | Noticed Eustachio
  6048 | D:6      | Killed Eustachio
  6048 | D:6      | Reached * piety under Okawaru
  6249 | D:6      | Reached skill level 6 in Crossbows
  6525 | D:6      | Got a smoking cloak
  6536 | D:6      | Identified the +2 cloak of True Grit {Str+4 Int+2} (You
                  | found it on level 6 of the Dungeon)
  6729 | D:6      | Killed Pikel
  6729 | D:6      | Reached skill level 7 in Crossbows
  6729 | D:6      | Reached skill level 5 in Dodging
  6729 | D:6      | Reached XP level 9. HP: 34/52 MP: 1/13
  6841 | D:6      | Learned a level 3 spell: Portal Projectile
  6845 | D:6      | Learned a level 3 spell: Mephitic Cloud
  7032 | D:6      | Got a masterwork mace
  7147 | D:6      | Found a runed translucent door.
  7148 | D:6      | Noticed Crazy Yiuf
  7425 | D:7      | Found a white marble altar of Elyvilon.
  7431 | D:7      | Found a hazy altar of Hepliaklqana.
  8004 | D:6      | Reached skill level 5 in Fighting
  8564 | D:7      | Identified the +5 mace of the Baking Coward {speed, Dex+2}
                  | (You found it on level 6 of the Dungeon)
  8646 | D:7      | Noticed Maggie
  8657 | D:7      | Killed Maggie
  8657 | D:7      | Reached ** piety under Okawaru
  8657 | D:7      | Reached skill level 8 in Crossbows
  9006 | D:7      | Reached XP level 10. HP: 51/60 MP: 14/14
  9129 | D:8      | Reached skill level 9 in Crossbows
  9309 | D:8      | Noticed Grum
  9672 | D:8      | Found Hunuaf's Book Shop.
  9907 | D:8      | Killed Grum
  9907 | D:8      | Reached skill level 1 in Stealth
  9907 | D:8      | Reached skill level 1 in Conjurations
  9907 | D:8      | Reached skill level 1 in Air Magic
  9907 | D:8      | Reached skill level 1 in Poison Magic
 10124 | D:8      | Reached *** piety under Okawaru
 10714 | D:8      | Reached skill level 10 in Crossbows
 11235 | D:9      | Reached XP level 11. HP: 54/67 MP: 6/15
 11542 | D:9      | Reached **** piety under Okawaru
 11993 | D:9      | Reached skill level 5 in Stealth
 12163 | D:9      | Received a gift from Okawaru
 12967 | D:10     | Entered Level 10 of the Dungeon
 13068 | D:10     | Reached skill level 1 in Invocations
 13150 | D:10     | Found Yxzean's Assorted Antiques.
 13153 | D:10     | Bought a scroll labeled DOTIBI LAOTWODET for 32 gold pieces
 13236 | D:10     | Reached skill level 1 in Armour
 14245 | D:10     | Received a gift from Okawaru
 14253 | D:10     | Reached ***** piety under Okawaru
 14507 | D:10     | Noticed Maurice
 14764 | D:10     | Killed Maurice
 14764 | D:10     | Received a gift from Okawaru
 15159 | D:10     | Bought a papyrus book for 480 gold pieces
 15196 | D:11     | Noticed a manticore
 15214 | D:11     | HP: 1/69 [manticore (22)]
 15214 | D:11     | Slain by a manticore

Illustrated notes

Levels and vault maps discovered:
D:1:      minmay_arrival_shattered_statue, layout_rooms
D:2:      layout_loops_ring, minmay_rat_hole
D:3:      layout_basic, chequers_ecumenical_altar_lobes
D:4:      layout_rooms
D:5:      layout_cave_pools, grunt_temple_overflow_forces_of_nature,
          minmay_temple_entry_sparse_star, nicolae_ossuary_entry_ruins
D:6:      kennysheep_six_static_rooms, layout_basic, uniq_pikel, uniq_eustachio,
          uniq_crazy_yiuf_cottage
D:7:      layout_gridville, grunt_temple_overflow_open, uniq_maggie
D:8:      minmay_bubble_buster, layout_cave_pools, serial_rivers,
          chequers_serial_rivers_micro_a, chequers_serial_rivers_small_b,
          chequers_serial_rivers_room_a, chequers_serial_rivers_marsh,
          chequers_serial_rivers_room_b, serial_shops, nicolae_shop_trees,
          patterned_corridor, uniq_grum
D:9:      layout_roguey
D:10:     layout_roguey, serial_shops, kennysheep_mini, serial_ice,
          serial_ice_i, serial_ice_m, serial_ice_n, serial_ice_o, serial_ice_h,
          uniq_maurice
D:11:     layout_loops_ring, minmay_lair_entry_grove, orc_0_dummy, serial_shops,
          nicolae_shop_waterfront, minmay_evil_grid
Temple:   regret_index_temple_mists

Skill      XL: |  1  2  3  4  5  6  7  8  9 10 11 |
---------------+----------------------------------+-----
Crossbows      | 3 4 5 7 8 10 | 10.0
Dodging        | 3 4 5 6 7 |  7.2
Fire Magic     | 1 2 3 |  3.0
Fighting       | 2 3 4 5 7 8 |  8.4
Hexes          | 4 5 6 7 |  7.4
Spellcasting   | 2 3 |  3.8
Translocations | 1 3 |  3.0
Stealth        | 4 7 |  7.2
Conjurations   | 2 3 |  3.0
Air Magic      | 2 3 |  3.0
Poison Magic   | 2 3 |  3.0
Invocations    | 3 |  3.6
Armour         | 1 |  1.8

Action                   |  1- 3 |  4- 6 |  7- 9 | 10-12 || total
-------------------------+-------+-------+-------+-------++-------
Melee: Short sword       |    89 |    90 |    23 |       ||   202
       Trident           |       |       |     9 |       ||     9
       Dagger            |       |       |    37 |    61 ||    98
       Mace              |       |       |    20 |   183 ||   203
       Hand crossbow     |       |       |     1 |       ||     1
 Fire: Hand crossbow     |    50 |   108 |   188 |   252 ||   598
Throw: Stone             |       |       |     3 |       ||     3
 Cast: Corona            |     7 |     6 |     2 |     2 ||    17
       Blink             |       |     2 |    23 |    18 ||    43
       Inner Flame       |       |     3 |    25 |    40 ||    68
       Portal Projectile |       |       |     1 |     3 ||     4
Invok: Heroism           |       |       |     1 |     1 ||     2
  Use: Scroll            |       |    11 |     8 |     8 ||    27
 Stab: Sleeping          |     2 |     1 |     1 |    16 ||    20
       Distracted        |       |       |       |     1 ||     1
Armor: Robe              |    15 |    17 |    20 |    59 ||   111
Dodge: Dodged            |    89 |   111 |   228 |   448 ||   876

Table legend: (Time is in decaauts)
 A = Elapsed time spent in this place.
 B = Non-inter-level travel time spent in this place.
 C = Inter-level travel time spent in this place.
 D = Time resting spent in this place.
 E = Time spent auto-exploring this place.
 F = Levels seen in this place.
 G = Mean time per level.
                   A        B        C        D        E       F      G
               +--------+--------+--------+--------+--------+-----+--------+
         Total |  15371 |  14717 |    654 |   4390 |   5748 |  13 | 1182.4 |
       Dungeon |  14656 |  14054 |    602 |   4350 |   5296 |  11 | 1332.4 |
        Temple |    280 |    228 |     52 |      0 |    200 |   1 |  280.0 |
       Ossuary |    434 |    434 |      0 |     39 |    251 |   1 |  434.0 |
               +--------+--------+--------+--------+--------+-----+--------+
